 Dungeon Crawl Stone Soup version 0.21.1-1-g345015f (webtiles) character file.

524 tidbits the Sneak (level 7, 0/50 HPs)
             Began as a Gnoll Enchanter on June 9, 2018.
             Slain by an ice beast (10 damage)
             ... on level 6 of the Dungeon.
             The game lasted 00:11:35 (950 turns).

tidbits the Sneak (Gnoll Enchanter)                  Turns: 950, Time: 00:11:36

Health: 0/50       AC:  4    Str: 11    XL:     7   Next: 22%
Magic:  4/15       EV: 15    Int: 19    God:
Gold:   140        SH:  0    Dex: 15    Spells: 8/17 levels left

rFire    . . .     SeeInvis .   a - +1 dagger
rCold    . . .     Gourm    .   (no shield)
rNeg     . . .     Faith    .   B - +0 robe
rPois    .         Spirit   .   E - +0 helmet
rElec    .         Reflect  .   C - +0 cloak
rCorr    .         Harm     .   (no gloves)
MR       +....                  (no boots)
Stlth    ++++......             (no amulet)
HPRegen  0.16/turn              h - ring of protection from magic
MPRegen  0.14/turn              i - ring of stealth

@: no status effects
A: distributed training, fangs 1, strong nose
a: no special abilities


You were on level 6 of the Dungeon.
You were not hungry.

You visited 1 branch of the dungeon, and saw 6 of its levels.

You collected 140 gold pieces.

Inventory:

Hand Weapons
 a - a +1 dagger (weapon)
 b - a +2 whip of electrocution
   (You took it off a gnoll on level 6 of the Dungeon)
 f - a +0 short sword
 A - a +0 long sword
Missiles
 g - 31 stones (quivered)
 z - 17 arrows
 F - 25 sling bullets
Armour
 B - a +0 robe (worn)
 C - a +0 cloak (worn)
 E - a +0 helmet (worn)
Jewellery
 h - a ring of protection from magic (left hand)
   (You found it on level 2 of the Dungeon)
 i - a ring of stealth (right hand)
   (You found it on level 3 of the Dungeon)
Wands
 j - a wand of random effects (12)
 n - a wand of enslavement (16)
 s - a wand of paralysis (10)
Scrolls
 k - 2 scrolls of enchant weapon {unknown}
 m - a scroll of identify {unknown}
 p - 2 scrolls of blinking {unknown}
 q - a scroll of magic mapping {unknown}
 y - a scroll of remove curse {unknown}
Potions
 e - a potion of lignification
 l - a potion of haste {unknown}
 o - a potion of degeneration {unknown}
 r - a potion of berserk rage {unknown}
 t - a potion of might
 u - a potion of brilliance {unknown}
 v - a potion of curing {unknown}
 w - a potion of heal wounds {unknown}
 x - a potion of invisibility {unknown}
 D - a potion of flight {unknown}
Books
 d - a book of Maledictions

   Spells                             Type                      Level
   a - Corona                         Hexes                        1
   b - Ensorcelled Hibernation        Hexes/Ice                    2
   c - Confuse                        Hexes                        3
   d - Tukima's Dance                 Hexes                        3
   e - Dazzling Spray                 Conjuration/Hexes            3
Comestibles
 c - 9 rations


   Skills:
 + Level 2.3 Fighting
 + Level 3.5 Short Blades
 + Level 2.3 Long Blades
 + Level 2.3 Axes
 + Level 2.3 Maces & Flails
 + Level 2.3 Polearms
 + Level 2.3 Staves
 + Level 2.3 Slings
 + Level 2.3 Bows
 + Level 2.3 Crossbows
 + Level 2.3 Throwing
 + Level 2.3 Armour
 + Level 5.1 Dodging
 + Level 6.4 Stealth
 + Level 2.3 Shields
 + Level 2.3 Unarmed Combat
 + Level 5.5 Spellcasting
 + Level 1.8 Conjurations
 + Level 5.8 Hexes
 + Level 1.8 Charms
 + Level 1.8 Summonings
 + Level 1.8 Necromancy
 + Level 1.8 Translocations
 + Level 1.8 Transmutations
 + Level 1.8 Fire Magic
 + Level 1.8 Ice Magic
 + Level 1.8 Air Magic
 + Level 1.8 Earth Magic
 + Level 1.8 Poison Magic
 + Level 2.5 Invocations
 + Level 2.3 Evocations


You had 8 spell levels left.
You knew the following spells:

 Your Spells              Type           Power        Failure   Level  Hunger
a - Corona                Hex            ####...      1%          1    None
c - Confuse               Hex            ####....     3%          3    ##.....
d - Dazzling Spray        Conj/Hex       ###...       8%          3    ##.....
e - Ensorcelled Hibernat  Hex/Ice        ###...       3%          2    None


Dungeon Overview and Level Annotations

Branches:
Dungeon (6/15)
 Temple: D:4-7

Altars:
Dithmenos


Innate Abilities, Weirdness & Mutations

Your experience applies equally to all skills.
You have very sharp teeth.
Your uncanny sense of smell can sniff out nearby items.


Message History

Confirm with . or Enter, or press ? or * to list all spells.
Aiming: Ensorcelled Hibernation
Press: ? - help, Shift-Dir - straight line, f/p - gnoll
Aim: a gnoll, wielding a whip of electrocution (heavily wounded, chance to defeat MR: 58%)
The gnoll resists with significant effort.
The gnoll hits you but does no damage. The gnoll closely misses you.
Casting: Ensorcelled Hibernation
Confirm with . or Enter, or press ? or * to list all spells.
Aiming: Ensorcelled Hibernation
Press: ? - help, Shift-Dir - straight line, f/p - gnoll
Aim: a gnoll, wielding a whip of electrocution (heavily wounded, chance to defeat MR: 58%)
The gnoll looks drowsy...
The gnoll misses you.
The helpless gnoll fails to defend itself.
You spit the gnoll like a pig!!!
You kill the gnoll!
Casting: Ensorcelled Hibernation
Confirm with . or Enter, or press ? or * to list all spells.
Aiming: Ensorcelled Hibernation
Press: ? - help, Shift-Dir - straight line, f - gnoll
Aim: a gnoll, wielding a halberd (chance to defeat MR: 58%)
You miscast Ensorcelled Hibernation.
You are very lightly contaminated with residual magic.
Wisps of condensation drift from your hands.
The gnoll hits you from afar with a halberd!
* * * LOW HITPOINT WARNING * * *
Casting: Ensorcelled Hibernation
Confirm with . or Enter, or press ? or * to list all spells.
Aiming: Ensorcelled Hibernation
Press: ? - help, Shift-Dir - straight line, f/p - gnoll
Aim: a gnoll, wielding a halberd (chance to defeat MR: 58%)
The gnoll resists with significant effort.
The gnoll misses you.
Evoke which item? (* to show all) (? for menu, Esc to quit)
Aiming: Paralyse
Press: ? - help, Shift-Dir - straight line, f/p - gnoll
Aim: a gnoll, wielding a halberd (chance to defeat MR: 62%)
The gnoll suddenly stops moving!
There is an open door here.
Items here: ))) [ †† The helpless gnoll fails to defend itself.
You impale the gnoll!!
You kill the gnoll!
A - a whip of electrocution
Things that are here:
a halberd; a whip of freezing; a gnoll corpse You butcher the gnoll corpse.
Things that are here:
a halberd; a whip of freezing; 4 chunks of flesh Eat one of 4 chunks of flesh? (ye/n/q)
You eat one of the 4 chunks of flesh.
This raw flesh tastes terrible.
You see here a murky coppery potion.
D - a murky coppery potion Wield which item (- for none, * to show all)? (? for menu, Esc to quit)
You hear the crackle of electricity.
A - a +2 whip of electrocution (weapon)
Adjust (i)tems, (s)pells, or (a)bilities?
Adjust which item? (? for menu, Esc to quit)
A - a +2 whip of electrocution (weapon)
Adjust to which letter? (? for menu, Esc to quit)
b - a +2 whip of electrocution (weapon);
A - a +0 long sword Unknown command.
Your +2 whip of electrocution stops crackling.
a - a +1 dagger (weapon)
You open the door.
There is an open door here.
You close the door.
Found 25 sling bullets.
Your magical contamination has completely faded away.
You see here 25 sling bullets.
F - 25 sling bullets An ice beast comes into view.
Casting: Ensorcelled Hibernation
Confirm with . or Enter, or press ? or * to list all spells.
Aiming: Confuse
Press: ? - help, Shift-Dir - straight line, f - ice beast
Aim: an ice beast (chance to defeat MR: 56%)
The ice beast appears confused.
The ice beast barely misses you.
You hit the ice beast.
The ice beast is lightly wounded.
The ice beast barely misses you.
You catch the helpless ice beast completely off-guard!
You puncture the ice beast!
The ice beast is heavily wounded.
The ice beast hits itself but does no damage.
You hit the ice beast but do no damage.
You bite the ice beast, but do no damage.
The ice beast is heavily wounded.
The ice beast closely misses you.
You hit the ice beast but do no damage.
The ice beast is heavily wounded.
You hit the ice beast but do no damage.
The ice beast is heavily wounded.
The ice beast closely misses you.
You hit the ice beast but do no damage.
You bite the ice beast, but do no damage.
The ice beast is heavily wounded.
The ice beast hits you.
* * * LOW HITPOINT WARNING * * *
The ice beast freezes you!
You die...

##+## #.##...#
#.##...# #
#.##...#####
.<∆
#...........
h.. ####.######
.... #.# .....
#.#
......#######.#
......Y@......#
.....##########
... .


You could see an ice beast (confused) and a hound (wandering).

Vanquished Creatures
  A sky beast (D:5)
  An ogre (D:5)
  A gnoll sergeant (D:6)
  A hound (D:5)
  A bullfrog zombie (D:5)
  A bullfrog skeleton (D:4)
  Ijyb (D:3)
  2 worker ants (D:4)
  4 gnolls (D:6)
  4 adders
  An ooze (D:1)
  An adder zombie (D:5)
  A worm (D:2)
  3 leopard geckos
  3 orcs (D:5)
  2 bats (D:2)
  4 giant cockroaches
  7 goblins
  A hobgoblin (D:1)
  2 jackals (D:6)
  A kobold (D:1)
  2 ball pythons
  2 frilled lizards
  A rat (D:1)
48 creatures vanquished.

Notes
Turn   | Place    | Note
-------+----------+-------------------------------------------
     0 | D:1      | tidbits the Gnoll Enchanter began the quest for the Orb.
     0 | D:1      | Reached XP level 1. HP: 13/13 MP: 6/6
   109 | D:1      | Reached XP level 2. HP: 10/19 MP: 4/7
   141 | D:1      | Learned a level 2 spell: Ensorcelled Hibernation
   149 | D:1      | HP: 2/20 [giant cockroach (1)]
   260 | D:3      | Noticed Ijyb
   283 | D:3      | Killed Ijyb
   283 | D:3      | Reached skill level 6 in Stealth
   283 | D:3      | Reached skill level 5 in Spellcasting
   283 | D:3      | Reached skill level 1 in Invocations
   283 | D:3      | Reached XP level 3. HP: 12/25 MP: 1/9
   363 | D:2      | Reached skill level 1 in Fighting
   363 | D:2      | Reached skill level 1 in Long Blades
   363 | D:2      | Reached skill level 1 in Axes
   363 | D:2      | Reached skill level 1 in Maces & Flails
   363 | D:2      | Reached skill level 1 in Polearms
   363 | D:2      | Reached skill level 1 in Staves
   363 | D:2      | Reached skill level 1 in Slings
   363 | D:2      | Reached skill level 1 in Bows
   363 | D:2      | Reached skill level 1 in Crossbows
   363 | D:2      | Reached skill level 1 in Throwing
   363 | D:2      | Reached skill level 1 in Armour
   363 | D:2      | Reached skill level 1 in Shields
   363 | D:2      | Reached skill level 1 in Unarmed Combat
   363 | D:2      | Reached skill level 1 in Evocations
   469 | D:4      | Reached XP level 4. HP: 30/32 MP: 11/11
   471 | D:4      | Reached skill level 1 in Conjurations
   471 | D:4      | Reached skill level 1 in Charms
   471 | D:4      | Reached skill level 1 in Summonings
   471 | D:4      | Reached skill level 1 in Necromancy
   471 | D:4      | Reached skill level 1 in Translocations
   471 | D:4      | Reached skill level 1 in Transmutations
   471 | D:4      | Reached skill level 1 in Fire Magic
   471 | D:4      | Reached skill level 1 in Ice Magic
   471 | D:4      | Reached skill level 1 in Air Magic
   471 | D:4      | Reached skill level 1 in Earth Magic
   471 | D:4      | Reached skill level 1 in Poison Magic
   476 | D:4      | Learned a level 3 spell: Confuse
   480 | D:4      | Learned a level 3 spell: Dazzling Spray
   519 | D:4      | Reached XP level 5. HP: 33/37 MP: 5/12
   578 | D:5      | Entered Level 5 of the Dungeon
   592 | D:4      | Reached skill level 3 in Short Blades
   696 | D:5      | Noticed an ogre
   706 | D:5      | Killed an ogre
   706 | D:5      | Reached skill level 2 in Invocations
   706 | D:5      | Reached XP level 6. HP: 44/44 MP: 3/13
   733 | D:5      | Reached skill level 2 in Fighting
   733 | D:5      | Reached skill level 2 in Long Blades
   733 | D:5      | Reached skill level 2 in Axes
   733 | D:5      | Reached skill level 2 in Maces & Flails
   733 | D:5      | Reached skill level 2 in Polearms
   733 | D:5      | Reached skill level 2 in Staves
   733 | D:5      | Reached skill level 2 in Slings
   733 | D:5      | Reached skill level 2 in Bows
   733 | D:5      | Reached skill level 2 in Crossbows
   733 | D:5      | Reached skill level 2 in Throwing
   733 | D:5      | Reached skill level 2 in Armour
   733 | D:5      | Reached skill level 5 in Dodging
   733 | D:5      | Reached skill level 2 in Shields
   733 | D:5      | Reached skill level 2 in Unarmed Combat
   733 | D:5      | Reached skill level 2 in Evocations
   766 | D:4      | Found a shadowy altar of Dithmenos.
   798 | D:5      | Noticed a sky beast
   807 | D:5      | Killed a sky beast
   889 | D:6      | Reached XP level 7. HP: 42/50 MP: 15/15
   950 | D:6      | Slain by an ice beast

Skill      XL: |  1  2  3  4  5  6 |
---------------+-------------------+-----
Stealth        | 6 |  6.4
Spellcasting   | 5 |  5.5
Invocations    | 1 2 |  2.5
Fighting       | 1 2 |  2.3
Long Blades    | 1 2 |  2.3
Axes           | 1 2 |  2.3
Maces & Flails | 1 2 |  2.3
Polearms       | 1 2 |  2.3
Staves         | 1 2 |  2.3
Slings         | 1 2 |  2.3
Bows           | 1 2 |  2.3
Crossbows      | 1 2 |  2.3
Throwing       | 1 2 |  2.3
Armour         | 1 2 |  2.3
Shields        | 1 2 |  2.3
Unarmed Combat | 1 2 |  2.3
Evocations     | 1 2 |  2.3
Conjurations   | 1 |  1.8
Charms         | 1 |  1.8
Summonings     | 1 |  1.8
Necromancy     | 1 |  1.8
Translocations | 1 |  1.8
Transmutations | 1 |  1.8
Fire Magic     | 1 |  1.8
Ice Magic      | 1 |  1.8
Air Magic      | 1 |  1.8
Earth Magic    | 1 |  1.8
Poison Magic   | 1 |  1.8
Short Blades   | 3 |  3.5
Dodging        | 5 |  5.1
Hexes          | |  5.8

Action                   |  1- 3 |  4- 6 |  7- 9 || total
-------------------------+-------+-------+-------++-------
Melee: Dagger            |    54 |    26 |     9 ||    89
       Bite              |     5 |     2 |     2 ||     9
       Unarmed           |    14 |       |       ||    14
       Punch             |       |     1 |       ||     1
       Long sword        |       |    14 |       ||    14
 Cast: Corona            |    13 |     1 |       ||    14
       Ensorcelled Hiber |     9 |    17 |     4 ||    30
       Confuse           |       |     2 |     3 ||     5
Evoke: Wand              |       |     6 |     6 ||    12
  Use: Potion            |     1 |       |       ||     1
 Stab: Sleeping          |    14 |    14 |     1 ||    29
       Confused          |       |     2 |     1 ||     3
       Paralysed         |       |       |     2 ||     2
  Eat: Chunk             |       |       |     1 ||     1
Armor: Robe              |     7 |     6 |     1 ||    14
       Skin              |    10 |       |       ||    10
Dodge: Dodged            |    40 |    34 |    13 ||    87
       Rpst.: Long sword |       |     5 |     1 ||     6

Table legend:
 A = Turns spent in this place as a percentage of turns spent in the entire game.
 B = Non-inter-level travel turns spent in this place as a percentage of non-inter-level travel turns spent in the entire game.
 C = Inter-level travel turns spent in this place as a percentage of turns spent in this place.
 D = Turns resting spent in this place as a percentage of non-inter-level travel turns spent in this place.
 E = Turns spent auto-exploring this place as a percentage of non-inter-level travel turns spent in this place.
 F = Non-inter-level travel turns spent in this place divided by the number of levels of this place that you've seen.
                   A       B       C       D       E      F
               +-------+-------+-------+-------+-------+----------------------
         Total | 100.0 | 100.0 |   1.5 |   0.0 |   0.0 | 156.0
       Dungeon | 100.0 | 100.0 |   1.5 |   0.0 |   0.0 | 156.0
               +-------+-------+-------+-------+-------+----------------------

Table legend:
 A = Kills in this place as a percentage of kills in entire the game.
 B = Kills by you in this place as a percentage of kills by you in the entire game.
 C = Kills by friends in this place as a percentage of kills by friends in the entire game.
 D = Other kills in this place as a percentage of other kills in the entire game.
 E = Experience gained in this place as a percentage of experience gained in the entire game.
 F = Experience gained in this place divided by the number of levels of this place that you have seen.
                   A       B       C       D       E      F
               +-------+-------+-------+-------+-------+----------------------
         Total | 100.0 | 100.0 |   N/A |   N/A | 100.0 | 124.8
       Dungeon | 100.0 | 100.0 |   N/A |   N/A | 100.0 | 124.8
               +-------+-------+-------+-------+-------+----------------------

Vault maps used:
D:1:      nzn_arrival_depleted_hourglass
D:2:      first_ration, bh_walls_and_bars
D:3:      kennysheep_big_flooded_room, gammafunk_temple_overflow_pools,
          uniq_ijyb
D:4:      kennysheep_mini
D:5:      fedhas_altar_3, temple_green, guppyfry_early_orc_mine
D:6:      lightli_temple_of_fire, hangedman_decor_points, grunt_decor_arrowhead,
          nemelex_xobeh_ov_fountains_minmay
